AoeStats
← Jazzmushroom

Nomad

509114926Analyzed
4v4 RM · 6d ago on Sep 25, 2026· 52m 12s· 8 players
Game mode
Random Map
Map size
231×231
Population
200
Speed
Normal
Resources
Standard
Victory
Conquest
Starting age
Dark Age
Ending age
Imperial Age
RankedLock teamsTeams togetherTeam positionsShared explorationLock speedFull tech treeHidden civsTurbo modeCheats
Victory
Defeat
🇨🇦 Franks · Canada
1427
+12
🇺🇸 Danes · United States
1360
+14
🇬🇧 Saxons · United Kingdom
1344
+15
🇺🇸 Varangians · United States
1317
+16
🇹🇼 Persians · Taiwan
1383
-18
🇹🇼 Malians · Taiwan
1304
-13
🇦🇺 Franks · Australia
1302
-13
🇹🇼 Sicilians · Taiwan
1296
-13
Jazzmushroom
4:44 Loom
14:31 Feudal Age
15:20 Fishing Lines
15:32 Double-Bit Axe
20:10 Castle Age
20:05 Wheelbarrow
20:03 Stone Mining
20:03 Gold Mining
21:47 Stone Shaft Mining
21:51 Bow Saw
21:56 Town Watch
22:27 Hand Cart
22:17 Gillnets
23:36 Forging
23:27 Scale Mail Armor
23:15 Arson
23:30 Squires
25:08 Gold Shaft Mining
26:09 Gambesons
27:17 Iron Casting
28:04 Chain Mail Armor
27:41 Horse Collar
30:09 Fletching
36:50 Imperial Age
36:59 Hamask
38:01 Conscription
38:50 Blast Furnace
38:19 Elite Jomsviking
43:41 Plate Mail Armor
43:07 Bodkin Arrow
43:26 Elite Varangian Guard
Snorkiss89
7:02 Loom
14:28 Feudal Age
15:48 Double-Bit Axe
18:27 Castle Age
16:10 Fishing Lines
16:19 Horse Collar
18:54 Scale Barding Armor
19:23 Bloodlines
20:06 Forging
22:18 Iron Casting
25:32 Devotion
32:42 Chain Barding Armor
36:21 Fletching
36:58 Gold Mining
37:55 Heavy Plow
38:22 Bow Saw
43:02 Wheelbarrow
42:13 Town Watch
45:48 Imperial Age
43:32 Stone Mining
44:22 Scale Mail Armor
45:25 Chain Mail Armor
45:56 Elite Varangian Guard
46:56 Squires
47:27 Plate Mail Armor
47:30 Conscription
46:34 Gothikon
47:32 Arson
47:32 Gambesons
48:50 Blast Furnace
Oliver
5:14 Loom
13:05 Feudal Age
13:56 Double-Bit Axe
16:53 Castle Age
15:28 Fishing Lines
15:41 Town Watch
24:10 Gold Mining
26:01 Horse Collar
28:49 Wheelbarrow
28:25 Fletching
29:07 Bodkin Arrow
29:48 Scale Mail Armor
29:58 Forging
30:56 Chain Mail Armor
31:57 Bow Saw
32:45 Gillnets
33:06 Medium Warships
32:53 Gillnets
34:33 Iron Casting
34:02 Crossbowman
35:20 Squires
40:17 Imperial Age
38:24 Thumb Ring
39:16 Padded Archer Armor
39:38 Ballistics
40:41 Masonry
41:30 Conscription
41:56 Bracer
42:58 Arbalester
45:39 Arson
47:59 Elite Hearth Troop
49:14 Hoardings
50:14 Chemistry
49:47 Plate Mail Armor
49:33 Leather Archer Armor
50:18 Hoardings
49:04 Shield Wall
bOOd
4:54 Loom
5:08 Loom
13:20 Feudal Age
18:38 Castle Age
20:01 Double-Bit Axe
21:32 Scale Barding Armor
24:40 Wheelbarrow
25:24 Husbandry
25:52 Fletching
27:33 Town Watch
27:57 Bodkin Arrow
28:44 Bodkin Arrow
36:03 Bow Saw
37:50 Stone Mining
38:39 Hand Cart
42:04 Gold Mining
43:28 Gold Shaft Mining
47:06 Chain Barding Armor
46:58 Forging
49:27 Imperial Age
46:48 Light Cavalry
49:17 Iron Casting
49:30 Cavalier
50:52 Plate Barding Armor
51:18 Blast Furnace
51:51 Paladin
Darksun
16:07 Feudal Age
15:08 Loom
17:04 Fishing Lines
18:52 Forging
22:17 Castle Age
20:39 Double-Bit Axe
22:06 Scale Barding Armor
23:03 Husbandry
24:10 Gillnets
31:53 Wheelbarrow
35:10 Hand Cart
35:07 Bow Saw
37:33 Medium Warships
38:34 Iron Casting
38:20 Chain Barding Armor
42:28 Imperial Age
42:09 Fletching
42:20 Padded Archer Armor
43:42 Plate Barding Armor
43:07 Bodkin Arrow
43:12 Padded Archer Armor
46:27 Ordonnance Companies
49:40 Leather Archer Armor
50:08 Cranequins
y3imy3
5:02 Loom
15:11 Feudal Age
18:51 Castle Age
16:48 Double-Bit Axe
17:41 Man-at-Arms
19:00 Scale Mail Armor
19:11 Long Swordsman
20:40 Pikeman
22:05 Town Watch
22:56 Wheelbarrow
22:59 Arson
23:15 Squires
24:56 Chain Mail Armor
31:00 Fletching
32:32 Bodkin Arrow
36:10 Stone Mining
44:18 Town Patrol
44:53 Hand Cart
weber
8:24 Loom
11:45 Feudal Age
18:13 Castle Age
16:33 Double-Bit Axe
17:46 Bloodlines
19:55 Scale Barding Armor
20:29 Horse Collar
21:41 Husbandry
26:37 Wheelbarrow
25:50 Town Watch
28:18 Forging
37:14 Imperial Age
36:27 Padded Archer Armor
39:51 Chemistry
39:55 Leather Archer Armor
40:09 Conscription
45:42 Ring Archer Armor
45:37 Hand Cart
45:41 Light Cavalry
47:07 Hussar
48:23 Chain Barding Armor
48:13 Forging
amigopool
5:06 Loom
15:24 Feudal Age
19:14 Castle Age
17:17 Double-Bit Axe
17:32 Fletching
17:42 Padded Archer Armor
19:59 Bodkin Arrow
22:28 Wheelbarrow
22:14 Town Watch
23:57 Gold Mining
24:49 Horse Collar
27:02 Leather Archer Armor
28:56 Hand Cart
31:57 Ballistics
34:00 Bow Saw
36:23 Heavy Plow
36:20 Murder Holes
36:40 Bloodlines
36:31 Husbandry
41:10 Imperial Age
39:01 Scale Barding Armor
39:07 Forging
39:53 Elite Skirmisher
42:30 Conscription
42:13 Scale Mail Armor
42:48 Iron Casting
42:59 First Crusade
42:41 Bracer
42:54 Masonry
43:58 Crop Rotation
44:23 Chain Mail Armor
43:34 Pikeman
45:39 Blast Furnace
45:56 Heavy Mounted Crossbowman
45:56 Cranequins
49:10 Capped Ram
51:37 Chemistry
50:51 Squires
50:37 Gambesons
50:13 Man-at-Arms
50:21 Man-at-Arms
Connection lost

Rejoining the realm…

Still unreachable

The connection could not be restored.

Session expired

The server has moved on; the page needs a fresh start.